 Dungeon Crawl Stone Soup version 0.22-a0-825-ga28c36f (webtiles) character file.

20 riteheju the Sneak (level 2, -1/22 HPs)
             Began as a Demonspawn Assassin on July 24, 2018.
             Slain by a leopard gecko (2 damage)
             ... on level 2 of the Dungeon.
             The game lasted 00:02:18 (1098 turns).

riteheju the Sneak (Demonspawn Assassin)            Turns: 1098, Time: 00:02:18

Health: -1/22      AC:  3    Str: 11    XL:     2   Next: 58%
Magic:  2/2        EV: 11    Int: 12    God:
Gold:   43         SH:  0    Dex: 14    Spells: 1/1 levels left

rFire    . . .     SeeInvis .   a - +2 dagger
rCold    . . .     Gourm    .   (no shield)
rNeg     . . .     Faith    .   c - +0 robe
rPois    .         Spirit   .   (no helmet)
rElec    .         Reflect  .   d - +0 cloak
rCorr    .         Harm     .   (no gloves)
MR       .....                  (no boots)
Stlth    +++.......             (no amulet)
HPRegen  0.07/turn              (no ring)
MPRegen  0.08/turn              (no ring)

@: no status effects
A: rot immunity
a: no special abilities


You were on level 2 of the Dungeon.
You were hungry.

You visited 1 branch of the dungeon, and saw 2 of its levels.

You collected 43 gold pieces.

Inventory:

Hand Weapons
 a - a +2 dagger (weapon)
 b - a +0 blowgun
Missiles
 e - 6 poisoned needles
 f - 2 curare-tipped needles
Armour
 c - a +0 robe (worn)
 d - a +0 cloak (worn)
Scrolls
 h - a scroll of amnesia {unknown}
 i - a scroll of teleportation {unknown}
 j - a scroll of magic mapping {unknown}
 k - 2 scrolls of enchant armour {unknown}
 l - a scroll of fog {unknown}
 m - a scroll of remove curse {unknown}
Comestibles
 g - 5 rations


   Skills:
 + Level 2.2 Fighting
 + Level 1.8 Short Blades
 + Level 1.8 Throwing
 + Level 0.8 Dodging
 + Level 4.2 Stealth


You had one spell level left.
You didn't know any spells.
Your spell library was empty.

Dungeon Overview and Level Annotations

Branches:
Dungeon (2/15)

Altars:


Innate Abilities, Weirdness & Mutations

You are immune to rotting.


Message History

* * * LOW HITPOINT WARNING * * *
You barely miss the leopard gecko. The leopard gecko barely misses you.
You aren't carrying any potions.
You hit the leopard gecko.
The leopard gecko is heavily wounded.
The leopard gecko barely misses you.
You barely miss the leopard gecko.
The leopard gecko is heavily wounded.
The leopard gecko bites you but does no damage.
You closely miss the leopard gecko.
The leopard gecko is heavily wounded.
The leopard gecko bites you.
* * * LOW HITPOINT WARNING * * *
You miss the leopard gecko.
The leopard gecko is heavily wounded.
The leopard gecko closely misses you.
You closely miss the leopard gecko.
The leopard gecko is heavily wounded.
The leopard gecko bites you.
You die...

..###.# #..
#...#.#######.
###...##......
.......#...... #
#.......... #.
#.g.#...... #..
#####.........)
#=..####l....###......
#....@llg(............
#...#######.####......
#.. #.# ......# #. #.#
####.. # ... ## #.#
#.# ..


You could see a leopard gecko, a goblin and 2 frilled lizards.

Vanquished Creatures
  2 dart slugs (D:1)
  A leopard gecko (D:1)
  A giant cockroach (D:1)
  A goblin (D:2)
  A hobgoblin (D:1)
  4 kobolds (D:1)
  A quokka (D:2)
  3 frilled lizards
  A rat (D:1)
15 creatures vanquished.

Vanquished Creatures (others)
  A frilled lizard (D:2)
1 creature vanquished.

Grand Total: 16 creatures vanquished

Notes
Turn   | Place    | Note
-------+----------+-------------------------------------------
     0 | D:1      | riteheju the Demonspawn Assassin began the quest for the Orb.
     0 | D:1      | Reached XP level 1. HP: 16/16 MP: 1/1
   110 | D:1      | Reached skill level 4 in Stealth
   113 | D:1      | Gained mutation: You are immune to rotting. [demonic ancestry]
   113 | D:1      | Reached XP level 2. HP: 15/22 MP: 2/2
  1096 | D:2      | HP: 1/22 [leopard gecko (1)]
  1098 | D:2      | Slain by a leopard gecko

Vault maps used:
D:1:      sevenhm_arrival_forest_fort_small_3, minmay_tetromino_s2
D:2:      tso_oasis_becter, first_ration, minmay_lizard_pond

Skill      XL: |  1 |
---------------+----+-----
Stealth        | 4 |  4.2
Fighting       | |  2.2
Short Blades   | |  1.8
Throwing       | |  1.8
Dodging        | |  0.8

Action                   || total
-------------------------++-------
Melee: Dagger            ||    66
 Fire: Blowgun           ||     4
 Stab: Sleeping          ||     1
Armor: Robe              ||    16
Dodge: Dodged            ||    45

Table legend:
 A = Spawn XP
 B = Non-spawn XP
 C = Spawn XP percentage of total XP
 D = Spawn monster count
 E = Non-spawn monster count
 F = Spawn count percentage of total count
 G = Total turns spent on level
                    A         B        C        D         E        F      G
               +---------+---------+-------+---------+---------+-------+---------
         Total |       0 |      29 |   0.0 |       0 |      15 |   0.0 |  1098
               +---------+---------+-------+---------+---------+-------+---------
           D:1 |       0 |      24 |   0.0 |       0 |      12 |   0.0 |  1041
           D:2 |       0 |       5 |   0.0 |       0 |       3 |   0.0 |    57
               +---------+---------+-------+---------+---------+-------+---------
